TOP OF THE 1ST |
Colorado Commanders batting - Pitching for Eau Claire Esquires : RHP Keith Hill
|
Pitching: RHP Keith Hill
|
|
Batting: RHB Tony Barton
|
0-0: Called Strike 0-1: Ball 1-1: SINGLE (Flyball, 89S)
|
Batting: RHB Roberto Rodríguez
|
0-0: Called Strike Tony Barton steals 2nd base 0-1: Ball 1-1: Swinging Strike 1-2: Ball 2-2: Strikes out swinging
|
Batting: RHB Carlos Hernández
|
0-0: Called Strike Tony Barton steals 3rd base 0-1: Ball 1-1: Foul Ball, location: 2F 1-2: Foul Ball, location: 2F 1-2: Foul Ball, location: 2F 1-2: Foul Ball, location: 2F 1-2: Ball 2-2: Fly out, F8 (Line Drive, 8LM) Runner from 3rd tags up, SCORES, no throw
|
Batting: RHB Kyle Vélez
|
0-0: Ball 1-0: Ball 2-0: SINGLE (Groundball, 56D)
|
Batting: RHB Todd Oliver
|
0-0: Fly out, F9 (Flyball, 89M)
|
Top of the 1st over - 1 run(s), 2 hit(s), 0 error(s), 1 left on base; Colorado 1 - Eau Claire 0 |
BOTTOM OF THE 1ST |
Eau Claire Esquires batting - Pitching for Colorado Commanders : RHP Jesús Medina
|
Pitching: RHP Jesús Medina
|
|
Batting: LHB Shawn Brown
|
0-0: Ground out 4-3 (Groundball, 4)
|
Batting: RHB Pedro García
|
0-0: Ball 1-0: Called Strike 1-1: Swinging Strike 1-2: Ball 2-2: SINGLE (Groundball, 6MD)
|
Batting: RHB Jason Stover
|
0-0: Ball Pickoff Throw to First - Error! E1 Pedro García to second 1-0: Ball 2-0: Ball 3-0: Called Strike 3-1: Called Strike 3-2: Strikes out looking
|
Batting: RHB Rich Henley
|
0-0: Foul Ball, location: 2F 0-1: Ball 1-1: SINGLE (Groundball, 6D) Pedro García to third Runner from 3rd tries for Home, SAFE, no throw
|
Batting: LHB Johnny Foley
|
0-0: Ball 1-0: Swinging Strike 1-1: Foul Ball, location: 2F 1-2: SINGLE (Groundball, 4MD) Rich Henley to second Runner from 2nd tries for 3rd, SAFE, throw made to third Johnny Foley to second
|
Batting: RHB Vincente Ramírez
|
0-0: Ball 1-0: Foul Ball, location: 2F 1-1: Foul Ball, location: 2F 1-2: Strikes out swinging
|
Bottom of the 1st over - 1 run(s), 3 hit(s), 1 error(s), 2 left on base; Colorado 1 - Eau Claire 1 |
TOP OF THE 2ND |
Colorado Commanders batting - Pitching for Eau Claire Esquires : RHP Keith Hill
|
Batting: RHB Pete Davis
|
0-0: Called Strike 0-1: Ball 1-1: Foul Ball, location: 2F 1-2: Ball 2-2: Strikes out swinging, 2-3 out at first.
|
Batting: SHB Ed Dundee
|
0-0: Ball 1-0: Ball 2-0: Called Strike 2-1: Ground out 6-3 (Groundball, 6M)
|
Batting: RHB Nick Crosby
|
0-0: Ball 1-0: Fly out, F9 (Flyball, 9)
|
Top of the 2nd over - 0 run(s), 0 hit(s), 0 error(s), 0 left on base; Colorado 1 - Eau Claire 1 |
BOTTOM OF THE 2ND |
Eau Claire Esquires batting - Pitching for Colorado Commanders : RHP Jesús Medina
|
Batting: RHB Chet White
|
0-0: Ball 1-0: Foul Ball, location: 2F 1-1: Foul Ball, location: 2F 1-2: Strikes out looking
|
Batting: RHB Dave Anderson
|
0-0: Ball 1-0: Fly out, F8 (Flyball, 8RM)
|
Batting: RHB Ismael Rodríguez
|
0-0: SINGLE (Groundball, 25) (infield hit)
|
Batting: LHB Shawn Brown
|
0-0: Ball 1-0: Fly out, F9 (Flyball, 9)
|
Bottom of the 2nd over - 0 run(s), 1 hit(s), 0 error(s), 1 left on base; Colorado 1 - Eau Claire 1 |
TOP OF THE 3RD |
Colorado Commanders batting - Pitching for Eau Claire Esquires : RHP Keith Hill
|
Batting: RHB Eliot James
|
0-0: Ball 1-0: Called Strike 1-1: Ball 2-1: Ball 3-1: Base on Balls
|
Batting: RHB Tony Barton
|
0-0: Swinging Strike 0-1: Ball 1-1: Swinging Strike 1-2: Strikes out swinging
|
Batting: RHB Roberto Rodríguez
|
0-0: Foul Ball, location: 2F 0-1: Foul Ball, location: 2F 0-2: Strikes out swinging
|
Batting: RHB Carlos Hernández
|
0-0: Fly out, F9 (Flyball, 9LMF)
|
Top of the 3rd over - 0 run(s), 0 hit(s), 0 error(s), 1 left on base; Colorado 1 - Eau Claire 1 |
BOTTOM OF THE 3RD |
Eau Claire Esquires batting - Pitching for Colorado Commanders : RHP Jesús Medina
|
Batting: RHB Pedro García
|
0-0: Called Strike 0-1: Called Strike 0-2: Foul Ball, location: 2F 0-2: Ball 1-2: Ball 2-2: Strikes out swinging
|
Batting: RHB Jason Stover
|
0-0: Called Strike 0-1: Ball 1-1: Ball 2-1: Ball 3-1: Foul Ball, location: 2F 3-2: Foul Ball, location: 2F 3-2: DOUBLE (Flyball, 78M)
|
Batting: RHB Rich Henley
|
0-0: Called Strike 0-1: Called Strike 0-2: Strikes out swinging
|
Batting: LHB Johnny Foley
|
0-0: Ball 1-0: SINGLE (Groundball, 34S) (infield hit) Jason Stover to third
|
Batting: RHB Vincente Ramírez
|
0-0: Ball 1-0: Ball 2-0: Foul Ball, location: 2F 2-1: Fly out, F9 (Flyball, 9S)
|
Bottom of the 3rd over - 0 run(s), 2 hit(s), 0 error(s), 2 left on base; Colorado 1 - Eau Claire 1 |
TOP OF THE 4TH |
Colorado Commanders batting - Pitching for Eau Claire Esquires : RHP Keith Hill
|
Batting: RHB Kyle Vélez
|
0-0: SINGLE (Groundball, 4MD)
|
Batting: RHB Todd Oliver
|
0-0: SINGLE (Line Drive, 8RS) Kyle Vélez to second
|
Batting: RHB Pete Davis
|
0-0: Ball 1-0: Called Strike 1-1: Ball 2-1: Swinging Strike 2-2: Strikes out swinging
|
Batting: SHB Ed Dundee
|
0-0: Ball 1-0: Called Strike 1-1: Ball 2-1: Ball 3-1: Base on Balls Kyle Vélez to third Todd Oliver to second
|
Batting: RHB Nick Crosby
|
0-0: Ball 1-0: Called Strike 1-1: SINGLE (Groundball, 56D) Kyle Vélez scores Todd Oliver to third Ed Dundee to second Runner from 3rd tries for Home, SAFE, no throw
|
Batting: RHB Eliot James
|
0-0: Called Strike 0-1: Swinging Strike 0-2: Strikes out swinging
|
Batting: RHB Tony Barton
|
0-0: Called Strike 0-1: Swinging Strike 0-2: Strikes out swinging
|
Top of the 4th over - 2 run(s), 3 hit(s), 0 error(s), 2 left on base; Colorado 3 - Eau Claire 1 |
BOTTOM OF THE 4TH |
Eau Claire Esquires batting - Pitching for Colorado Commanders : RHP Jesús Medina
|
Batting: RHB Chet White
|
0-0: Swinging Strike 0-1: Ball 1-1: Foul Ball, location: 2F 1-2: Ball 2-2: Ground out 5-3 (Groundball, 56S)
|
Batting: RHB Dave Anderson
|
0-0: Ball 1-0: Called Strike 1-1: Foul Ball, location: 2F 1-2: Ball 2-2: SINGLE (Groundball, 34D)
|
Batting: RHB Ismael Rodríguez
|
0-0: Ground out 2-3 (Groundball, 15S) Dave Anderson to second
|
Batting: LHB Shawn Brown
|
0-0: Called Strike 0-1: Fly out, F9 (Flyball, 9S)
|
Bottom of the 4th over - 0 run(s), 1 hit(s), 0 error(s), 1 left on base; Colorado 3 - Eau Claire 1 |
TOP OF THE 5TH |
Colorado Commanders batting - Pitching for Eau Claire Esquires : RHP Keith Hill
|
Batting: RHB Roberto Rodríguez
|
0-0: Ball 1-0: Ground out 5-3 (Groundball, 56)
|
Batting: RHB Carlos Hernández
|
0-0: Called Strike 0-1: Foul Ball, location: 2F 0-2: Ball 1-2: Fly out, F8 (Line Drive, 8RS)
|
Batting: RHB Kyle Vélez
|
0-0: Ground out 5-3 (Groundball, 56S)
|
Top of the 5th over - 0 run(s), 0 hit(s), 0 error(s), 0 left on base; Colorado 3 - Eau Claire 1 |
BOTTOM OF THE 5TH |
Eau Claire Esquires batting - Pitching for Colorado Commanders : RHP Jesús Medina
|
Batting: RHB Pedro García
|
0-0: Foul Ball, location: 2F 0-1: Ball 1-1: Ball 2-1: SINGLE (Groundball, 34) (infield hit)
|
Batting: RHB Jason Stover
|
0-0: Ball 1-0: Ball 2-0: Grounds into double play, 5-4-3 (Groundball, 56)
|
Batting: RHB Rich Henley
|
0-0: Ball 1-0: Ball 2-0: Called Strike 2-1: Ball 3-1: Swinging Strike 3-2: Base on Balls
|
Batting: LHB Johnny Foley
|
0-0: Ball 1-0: SINGLE (Groundball, 34D) Rich Henley to second Throwing error, E9 Rich Henley scores Johnny Foley to second
|
Batting: RHB Vincente Ramírez
|
0-0: Foul Ball, location: 2F 0-1: Ball 1-1: Called Strike 1-2: Ball 2-2: Strikes out looking
|
Bottom of the 5th over - 1 run(s), 2 hit(s), 1 error(s), 1 left on base; Colorado 3 - Eau Claire 2 |
TOP OF THE 6TH |
Colorado Commanders batting - Pitching for Eau Claire Esquires : RHP Keith Hill
|
Batting: RHB Todd Oliver
|
0-0: Ball 1-0: Ground out 5-3 (Groundball, 5)
|
Batting: RHB Pete Davis
|
0-0: SINGLE (Flyball, 89S)
|
Batting: SHB Ed Dundee
|
0-0: Called Strike 0-1: Foul Ball, location: 2F 0-2: Strikes out swinging
|
Batting: RHB Nick Crosby
|
0-0: Ball 1-0: SINGLE (Line Drive, 56D) Pete Davis to second
|
Batting: RHB Eliot James
|
0-0: Called Strike 0-1: Ball Wild Pitch! Pete Davis to third Nick Crosby to second 1-1: Swinging Strike 1-2: Strikes out swinging
|
Top of the 6th over - 0 run(s), 2 hit(s), 0 error(s), 2 left on base; Colorado 3 - Eau Claire 2 |
BOTTOM OF THE 6TH |
Eau Claire Esquires batting - Pitching for Colorado Commanders : RHP Jesús Medina
|
Pitching: RHP Joe King
|
|
Batting: RHB Chet White
|
0-0: Called Strike 0-1: Ball 1-1: Ground out 4-3 (Groundball, 4S)
|
Batting: RHB Dave Anderson
|
0-0: Ball 1-0: Ground out 4-3 (Groundball, 4)
|
Batting: RHB Ismael Rodríguez
|
0-0: Foul Ball, location: 2F 0-1: Called Strike 0-2: Strikes out swinging
|
Bottom of the 6th over - 0 run(s), 0 hit(s), 0 error(s), 0 left on base; Colorado 3 - Eau Claire 2 |
TOP OF THE 7TH |
Colorado Commanders batting - Pitching for Eau Claire Esquires : RHP Keith Hill
|
Batting: RHB Tony Barton
|
0-0: Foul Ball, location: 2F 0-1: Swinging Strike 0-2: Ball 1-2: Ball 2-2: Strikes out looking
|
Pitching: RHP Armando Martínez
|
|
Batting: RHB Roberto Rodríguez
|
0-0: Ball 1-0: Foul Ball, location: 2F 1-1: Fly out, F9 (Line Drive, 89M)
|
Batting: RHB Carlos Hernández
|
0-0: Called Strike 0-1: Ball 1-1: Swinging Strike 1-2: Ball 2-2: Foul Ball, location: 2F 2-2: Strikes out swinging
|
Top of the 7th over - 0 run(s), 0 hit(s), 0 error(s), 0 left on base; Colorado 3 - Eau Claire 2 |
BOTTOM OF THE 7TH |
Eau Claire Esquires batting - Pitching for Colorado Commanders : RHP Joe King
|
Batting: LHB Shawn Brown
|
0-0: Ball 1-0: Ball 2-0: Fly out, F7 (Flyball, 7D)
|
Batting: RHB Pedro García
|
0-0: Ball 1-0: Called Strike 1-1: Ground out U3 (Groundball, 34S)
|
Batting: RHB Jason Stover
|
0-0: Called Strike 0-1: Foul Ball, location: 2F 0-2: Foul Ball, location: 2F 0-2: Ball 1-2: Foul Ball, location: 2F 1-2: Ball 2-2: Foul Ball, location: 2F 2-2: Ball 3-2: Strikes out swinging
|
Bottom of the 7th over - 0 run(s), 0 hit(s), 0 error(s), 0 left on base; Colorado 3 - Eau Claire 2 |
TOP OF THE 8TH |
Colorado Commanders batting - Pitching for Eau Claire Esquires : RHP Armando Martínez
|
Batting: RHB Kyle Vélez
|
0-0: Foul Ball, location: 2F 0-1: Called Strike 0-2: Strikes out swinging
|
Batting: RHB Todd Oliver
|
0-0: Called Strike 0-1: Foul Ball, location: 2F 0-2: Strikes out swinging
|
Batting: RHB Pete Davis
|
0-0: Called Strike 0-1: Foul Ball, location: 2F 0-2: Foul Ball, location: 2F 0-2: Ball 1-2: Ball 2-2: Strikes out looking
|
Top of the 8th over - 0 run(s), 0 hit(s), 0 error(s), 0 left on base; Colorado 3 - Eau Claire 2 |
BOTTOM OF THE 8TH |
Eau Claire Esquires batting - Pitching for Colorado Commanders : RHP Joe King
|
Pitching: RHP Tomás Marte
|
|
Batting: RHB Rich Henley
|
0-0: Ball 1-0: Ball 2-0: Called Strike 2-1: Ball 3-1: Fly out, F7 (Flyball, 78D)
|
Pitching: LHP Pedro Beltrán
|
|
Batting: LHB Johnny Foley
|
0-0: Ball 1-0: Ball 2-0: Called Strike 2-1: Ball 3-1: Foul Ball, location: 2F 3-2: SINGLE (Groundball, 34D)
|
Pitching: RHP Luis Chávez
|
|
Pinch Hitting: SHB José Gonzáles
|
0-0: Called Strike 0-1: Fielders Choice at 2nd, 6-4 (Groundball, 56)
|
Batting: RHB Chet White
|
0-0: Ball 1-0: Swinging Strike 1-1: Foul Ball, location: 2F 1-2: SINGLE (Line Drive, 7LS) José Gonzáles to second
|
Pinch Hitting: LHB Miguel Arteaga
|
0-0: Called Strike 0-1: Ball 1-1: Ball 2-1: Ball 3-1: Fly out, F7 (Flyball, 7S)
|
Bottom of the 8th over - 0 run(s), 2 hit(s), 0 error(s), 2 left on base; Colorado 3 - Eau Claire 2 |
TOP OF THE 9TH |
Colorado Commanders batting - Pitching for Eau Claire Esquires : RHP Armando Martínez
|
Now at 2B: Kyle McIntyre
|
|
Now in LF: José Gonzáles
|
|
Batting: SHB Ed Dundee
|
0-0: Ball 1-0: Ball 2-0: Ground out 4-3 (Groundball, 4S)
|
Batting: RHB Nick Crosby
|
0-0: Swinging Strike 0-1: Ball 1-1: Swinging Strike 1-2: Foul Ball, location: 2F 1-2: Strikes out swinging
|
Batting: RHB Eliot James
|
0-0: Ball 1-0: Foul Ball, location: 2F 1-1: Swinging Strike 1-2: Strikes out swinging, 2-3 out at first.
|
Top of the 9th over - 0 run(s), 0 hit(s), 0 error(s), 0 left on base; Colorado 3 - Eau Claire 2 |
BOTTOM OF THE 9TH |
Eau Claire Esquires batting - Pitching for Colorado Commanders : RHP Luis Chávez
|
Pitching: RHP Sixto García
|
|
Now in LF: Rafael López
|
|
Pinch Hitting: SHB José García
|
0-0: SINGLE (Groundball, 4MD)
|
Pinch Runner at 1st Jason Smith:
|
|
Pinch Hitting: RHB Eugenio Maldonado
|
0-0: Ball 1-0: Foul Ball, location: 2F 1-1: Ball 2-1: Foul Ball, location: 2F 2-2: Ball 3-2: Strikes out swinging
|
Batting: RHB Pedro García
|
0-0: Ball 1-0: Ball 2-0: Called Strike 2-1: Swinging Strike 2-2: Foul Ball, location: 2F 2-2: Ball 3-2: Base on Balls Jason Smith to second
|
Batting: RHB Jason Stover
|
0-0: Called Strike 0-1: Foul Ball, location: 2F 0-2: Foul Ball, location: 2F 0-2: Foul Ball, location: 2F 0-2: Ball 1-2: Strikes out swinging
|
Batting: RHB Rich Henley
|
0-0: Swinging Strike 0-1: Swinging Strike 0-2: Ball 1-2: Ball 2-2: Strikes out looking
|
Bottom of the 9th over - 0 run(s), 1 hit(s), 0 error(s), 2 left on base; Colorado 3 - Eau Claire 2 |
|